 Dungeon Crawl Stone Soup version 0.30-b1-2-g02819fbbbe (webtiles) character file.

Game seed: 3870285231610779011

914 Arum the Covered (level 8, -10/65 HPs)
             Began as a Formicid Fighter on May 10, 2023.
             Was a Believer of Dithmenos.
             Mangled by a rust devil (18 damage)
             ... on level 6 of the Dungeon.
             The game lasted 00:05:30 (3831 turns).

Arum the Covered (Formicid Fighter)                 Turns: 3831, Time: 00:05:30

Health: -10/65     AC: -5    Str: 24    XL:     8   Next: 30%
Magic:  8/8        EV:  9    Int:  7    God:    Dithmenos [**....]
Gold:   251        SH:  5    Dex: 13    Spells: 7/7 levels left

rFire   + . .        q - +4 quarterstaff (chaos)
rCold   . . .        c - +0 buckler
rNeg    + . .        b - +0 scale mail
rPois   .            (helmet unavailable)
rElec   .            r - +0 cloak
rCorr   .            e - +0 pair of gloves
SInv    +            (no boots)
Will    .....        t - amulet of faith Stlth
                     s - ring of protection from fire
HPRegen 0.30/turn    w - ring of positive energy
MPRegen 0.11/turn

%: faith
@: corroded, wreathed by umbra
A: permanent stasis, dig shafts and tunnels, antennae 3, four strong arms
a: Dig, Shaft Self, Renounce Religion, Shadow Step


You were on level 6 of the Dungeon.
You worshipped Dithmenos.
Dithmenos was pleased with you.
You visited 1 branch of the dungeon, and saw 6 of its levels.

You collected 251 gold pieces.

Inventory:

Hand Weapons
 a - a +0 quarterstaff
 q - a +4 quarterstaff of chaos (weapon)
 I - a +0 quarterstaff of draining
Armour
 b - a +0 scale mail (worn)
 c - a +0 buckler (worn)
 e - a +0 pair of gloves (worn)
 r - a +0 cloak (worn)
Jewellery
 s - a ring of protection from fire (left hand)
 t - an amulet of faith (around neck)
 w - a ring of positive energy (right hand)
 y - an amulet of guardian spirit
 B - the ring "Doic Iriduo" {Will+ Str+2}
   (You found it on level 3 of the Dungeon)

   [ring of willpower]

   Str:       It affects your strength (+2).
   Will:      It increases your willpower.
Wands
 J - a wand of paralysis (26)
 K - a wand of light (7)
 L - a wand of flame (18)
Scrolls
 g - a scroll of fog {unknown}
 k - a scroll of immolation {unknown}
 l - 2 scrolls of identify {unknown}
 n - 2 scrolls of blinking {unknown}
 o - a scroll of vulnerability {unknown}
 u - 2 scrolls of fear {unknown}
 x - 2 scrolls of enchant weapon {unknown}
 A - a scroll of magic mapping {unknown}
 C - 2 scrolls of teleportation {unknown}
 D - a scroll of enchant armour {unknown}
 G - a scroll of noise {unknown}
 H - a scroll of amnesia {unknown}
Potions
 d - 3 potions of might
 f - 2 potions of brilliance {unknown}
 h - 3 potions of magic {unknown}
 i - 2 potions of lignification {unknown}
 j - a potion of resistance {unknown}
 m - a potion of flight {unknown}
 p - a potion of berserk rage {unknown}
 v - 3 potions of curing {unknown}
 z - a potion of attraction {unknown}
 E - a potion of degeneration {unknown}
 F - 2 potions of haste {unknown}
 M - a potion of mutation {unknown}


   Skills:
 + Level 6.5 Fighting
 + Level 5.4 Staves
 + Level 6.5 Armour
 - Level 4.0 Shields


You had 7 spell levels left.
You didn't know any spells.
Your spell library contained the following spells:

 Spells                   Type           Power      Damage    Failure   Level
 Ensorcelled Hibernation  Hex/Ice        0%         N/A       88%         2
 Passwall                 Tmut/Erth      0%         N/A       88%         2
 Swiftness                Air            Unusable   N/A       N/A         3

Dungeon Overview and Level Annotations

Branches:
Dungeon (6/15)
 Temple: D:4-7

Altars:
Dithmenos
Hepliaklqana
Makhleb
Nemelex Xobeh
Zin

Shops:
D:3 (

Annotations:
D:4 2 transporters, Winter's ghost, amateur MiFi


Innate Abilities, Weirdness & Mutations

You cannot be hasted, slowed, berserked, paralysed or teleported.
You can dig through walls and to a lower floor.
You have a pair of large antennae on your head. (SInv)
Your four strong arms can wield two-handed weapons with a shield.


Message History

a +0 dire flail; a +0 chain mail; an orc corpse
Press: ? - help, v - describe, . - travel The floor.
This square is wreathed by an umbra.
You start resting.
HP restored.
There is a stone staircase leading up here.
You can't go down here!
Unknown command.
You climb upwards.
You block the rust devil's attack.
There is a stone staircase leading down here.
Unknown command.
The rust devil hits you! The rust devil corrodes you!
You climb downwards.
There is a stone staircase leading up here.
Unknown command.
You hit the rust devil but do no damage.
The rust devil goes berserk!
The rust devil barely misses you. The rust devil hits you!
The rust devil corrodes you!
You sock the rust devil!
Space warps around the rust devil.
The rust devil is moderately wounded.
The rust devil hits you! The rust devil corrodes you!
You hit the rust devil.
The rust devil suddenly seems more resistant.
The rust devil is moderately wounded.
The rust devil hits you! The rust devil corrodes you!
The rust devil barely misses you.
You hit the rust devil but do no damage.
The rust devil is moderately wounded.
The rust devil hits you!
* * * LOW HITPOINT WARNING * * *
The rust devil corrodes you! The rust devil hits you!
* * * LOW HITPOINT WARNING * * *
The rust devil corrodes you!
Okay, then.
Things that are here:
a +0 chain mail; a +0 dire flail; an orc corpse Are you sure you want to shaft yourself?
The rust devil closely misses you. The rust devil hits you!!
You die...

#.. #.....# ..
##.....# #. ##......#
#.###.......#
#.†.........#
##..........#
#..........###
#...####...#.# #
#..######.4@#### ...
##....##.......#...#
#####...............#
#....<.....#######..#
#...........# .#
............## #
.............#
##...........# {
##...........#


You could see a rust devil (berserk, resistant).

Vanquished Creatures
  An orc warrior (D:6)
  A phantom (D:5)
  3 scorpions (D:5)
  Crazy Yiuf (D:2)
  An orc priest (D:5)
  6 iguanas
  Natasha (twice) (D:2)
  3 gnolls (D:4)
  5 adders
  A white imp (D:5)
  3 ufetubi
  A worm (D:3)
  6 dart slugs
  16 orcs
  6 ball pythons
  6 endoplasms
  3 giant cockroaches
  2 goblins
  7 hobgoblins
  7 jackals
  2 quokkas
  6 bats
  2 frilled lizards
  8 kobolds
  5 rats
104 creatures vanquished.

Vanquished Creatures (others)
  6 plants (D:4)
6 creatures vanquished.

Grand Total: 110 creatures vanquished

Notes
Turn   | Place    | Note
-------+----------+-------------------------------------------
     0 | D:1      | Arum the Formicid Fighter began the quest for the Orb.
     0 | D:1      | Reached XP level 1. HP: 18/18 MP: 1/1
    46 | D:1      | Reached XP level 2. HP: 24/24 MP: 2/2
   234 | D:1      | Reached XP level 3. HP: 29/30 MP: 3/3
   338 | D:1      | Found a faded altar of an unknown god.
   557 | D:2      | Reached XP level 4. HP: 37/37 MP: 4/4
   723 | D:2      | Noticed Natasha
   729 | D:2      | Killed Natasha
   786 | D:2      | Found a runed translucent door.
   787 | D:2      | Noticed Crazy Yiuf
   796 | D:2      | Killed Crazy Yiuf
   797 | D:2      | Reached XP level 5. HP: 37/43 MP: 5/5
   948 | D:2      | Identified the +10 dagger "Paix Oce" {venom, rC+ Str+4}
   963 | D:2      | Noticed Natasha
   971 | D:2      | Killed Natasha
  1364 | D:3      | Found a glowing silver altar of Zin.
  1545 | D:3      | Found a shadowy altar of Dithmenos.
  1553 | D:3      | Reached XP level 6. HP: 49/49 MP: 6/6
  1585 | D:3      | Found Metefa Ivu's Antique Weapon Shop.
  2037 | D:3      | Identified the ring "Doic Iriduo" {Will+ Str+2}
  2143 | D:3      | Became a worshipper of Dithmenos the Shadowed
  2177 | D:4      | Reached skill level 5 in Fighting
  2177 | D:4      | Reached skill level 5 in Armour
  2284 | D:4      | Reached * piety under Dithmenos
  2590 | D:4      | Found a sparkling altar of Nemelex Xobeh.
  2631 | D:4      | Noticed Winter's ghost (amateur MiFi)
  2634 | D:4      | Found a transporter.
  2635 | D:4      | Found a transporter.
  2721 | D:4      | Found a burning altar of Makhleb.
  2831 | D:5      | Entered Level 5 of the Dungeon
  2944 | D:5      | Reached XP level 7. HP: 56/56 MP: 7/7
  3224 | D:5      | Found a hazy altar of Hepliaklqana.
  3385 | D:5      | Reached skill level 5 in Staves
  3741 | D:6      | Reached ** piety under Dithmenos
  3742 | D:6      | Reached XP level 8. HP: 64/64 MP: 8/8
  3760 | D:5      | Noticed a rust devil
  3760 | D:5      | Noticed a rust devil
  3831 | D:6      | Mangled by a rust devil

Illustrated notes

Levels and vault maps discovered:
D:1:      dpeg_arrival_tiny_k, layout_rooms, hellmonk_ecumenical_altar_lost_god
D:2:      layout_basic, chequers_avenue, uniq_natasha, uniq_crazy_yiuf_cottage
D:3:      layout_basic, mainiacjoe_overflow_catwalk, zin_academy, serial_shops,
          shop, kennysheep_crisscross
D:4:      layout_rooms, lemuel_doored_altar, mainiacjoe_overflow_alcove_4,
          gammafunk_ghost_gnarly_gnolls
D:5:      cheibrodos_iron_armory, layout_loops_ring,
          nicolae_hepliaklqana_hippocampus
D:6:      layout_layer_cave, minmay_divided_ellipse, uniq_eustachio,
          uniq_edmund, uniq_prince_ribbit1

Skill      XL: |  1  2  3  4  5  6  7 |
---------------+----------------------+-----
Fighting       | 4 5 6 |  6.5
Armour         | 4 5 6 |  6.5
Staves         | 3 4 5 |  5.4
Shields        | |  4.0

Action                     |  1- 3 |  4- 6 |  7- 9 || total
---------------------------+-------+-------+-------++-------
  Melee: Quarterstaff      |    68 |   113 |    63 ||   244
Ability: Dig               |       |       |     2 ||     2
         Shaft Self        |       |       |     1 ||     1
   Stab: Paralysed         |       |     1 |       ||     1
 Armour: Scale mail        |    32 |    46 |    16 ||    94
  Dodge: Dodged            |    32 |    36 |    28 ||    96
  Block: Buckler           |    16 |    26 |    12 ||    54
